 Dungeon Crawl Stone Soup version 0.28-a0-630-g0357d9c091 (webtiles) character file.

Game seed: 2214706709817854333

37 Ijustatesigmund the Sneak (level 3, -1/25 HPs)
             Began as a Gnoll Wanderer on Oct 9, 2021.
             Shot with a stone by a goblin (5 damage)
             ... on level 3 of the Dungeon.
             The game lasted 00:03:00 (1645 turns).

Ijustatesigmund the Sneak (Gnoll Wanderer)          Turns: 1645, Time: 00:03:00

Health: -1/25      AC:  4    Str: 10    XL:     3   Next: 41%
Magic:  7/7        EV: 11    Int: 13    God:
Gold:   55         SH:  0    Dex: 11    Spells: 6/7 levels left

rFire   + . .      SeeInvis .   a - +2 falchion
rCold   + . .      Faith    .   (no shield)
rNeg    . . .      Spirit   .   c - +0 robe
rPois   .          Reflect  .   f - +1 helmet
rElec   .          Harm     .   k - scarf {rC+ rF+}
rCorr   .          Rampage  .   (no gloves)
Will    .....                   (no boots)
Stlth   ++........              (no amulet)
HPRegen 0.08/turn               (no ring)
MPRegen 0.10/turn               (no ring)

@: no status effects
A: fangs 1, strong nose, distributed training
a: no special abilities


You were on level 3 of the Dungeon.
You visited 1 branch of the dungeon, and saw 3 of its levels.

You collected 55 gold pieces.

Inventory:

Hand Weapons
 a - a +2 falchion (weapon)
 d - a +0 dagger
Armour
 c - a +0 robe (worn)
 f - a +1 helmet (worn)
 k - a scarf of resistance (worn)
Jewellery
 h - a ring of fire
 i - a +4 ring of evasion
Scrolls
 j - a scroll of immolation {unknown}
Potions
 e - a potion of curing {unknown}
Miscellaneous
 b - a piece from Xom's chessboard (15/15)


   Skills:
 + Level 0.8 Fighting
 + Level 0.8 Short Blades
 + Level 2.6 Long Blades
 + Level 0.8 Axes
 + Level 0.8 Maces & Flails
 + Level 0.8 Polearms
 + Level 0.8 Staves
 + Level 0.8 Slings
 + Level 0.8 Bows
 + Level 0.8 Crossbows
 + Level 0.8 Throwing
 + Level 0.8 Armour
 + Level 0.8 Dodging
 + Level 4.1 Stealth
 + Level 2.6 Shields
 + Level 0.8 Unarmed Combat
 + Level 2.8 Spellcasting
 + Level 0.5 Conjurations
 + Level 0.5 Hexes
 + Level 0.5 Summonings
 + Level 0.5 Necromancy
 + Level 3.7 Translocations
 + Level 0.5 Transmutations
 + Level 3.7 Fire Magic
 + Level 0.5 Ice Magic
 + Level 0.5 Air Magic
 + Level 0.5 Earth Magic
 + Level 0.5 Poison Magic
 + Level 1.0 Invocations
 + Level 2.6 Evocations


You had 6 spell levels left.
You knew the following spells:

 Your Spells              Type           Power      Damage    Failure   Level
a - Animate Skeleton      Necr           6%         N/A       19%         1

Your spell library contained the following spells:

 Spells                   Type           Power      Damage    Failure   Level
 Vampiric Draining        Necr           1%         2d6       50%         3


Dungeon Overview and Level Annotations

Branches:
Dungeon (3/15)

Altars:

Annotations:
D:2 Robin


Innate Abilities, Weirdness & Mutations

You have very sharp teeth.
Your uncanny sense of smell can sniff out nearby items.
Your experience applies equally to all skills.


Message History

The goblin wields a +0 dagger.
The goblin completely misses you. The goblin hits you but does no damage.
There is a stone staircase leading down here.
You climb downwards.
There is a stone staircase leading up here.
You hit the goblin.
You kill the goblin!
Your Invocations skill increases to level 1!
You start resting.
A worm is nearby!
You barely miss the worm. The worm misses you.
You hit the worm.
The worm is lightly wounded.
The worm bites you!
* * * LOW HITPOINT WARNING * * *
You are too injured to fight recklessly!
You are too injured to fight recklessly!
You are too injured to fight recklessly!
You are too injured to fight recklessly!
You hit the worm.
The worm is moderately wounded.
You hit the worm.
The worm is moderately wounded.
The worm bites you.
* * * LOW HITPOINT WARNING * * *
You completely miss the worm.
The worm is moderately wounded.
The worm barely misses you.
You hit the worm.
The worm is moderately wounded.
The worm barely misses you.
You slash the worm!
The worm is heavily wounded.
Things that are here:
a +0 dagger; a goblin corpse
Found a scroll labelled AXTUCK UMNOQ LUV.
A goblin comes into view. It is wielding a +0 club.
The goblin unwields a +0 club.
The goblin wields a +0 hunting sling.
The goblin shoots a stone.
The stone hits you.
You die...

.# .#∆ .# .# #
.#.#
########.#.#.##
...g...?.......
#@.# #..# .
#######..###...
..............#
###......###..#
#.####...# # #
###.# #.# #.#


You could see a goblin.

Vanquished Creatures
  An adder (D:2)
  2 ball pythons (D:1)
  2 bats (D:1)
  A giant cockroach (D:1)
  4 goblins
  4 hobgoblins (D:1)
  3 jackals (D:1)
  3 quokkas (D:1)
  A kobold (D:1)
  2 rats (D:1)
23 creatures vanquished.

Notes
Turn   | Place    | Note
-------+----------+-------------------------------------------
     0 | D:1      | Ijustatesigmund the Gnoll Wanderer began the quest for the
                  | Orb.
     0 | D:1      | Ijustatesigmund set off with the following items: a +2
                  | falchion, a piece from Xom's chessboard (15/15), a +0 robe,
                  | a +0 dagger; and the following spell memorised: Animate
                  | Skeleton; and the following spells available to memorise:
                  | Vampiric Draining
     0 | D:1      | Reached XP level 1. HP: 13/13 MP: 4/4
   266 | D:1      | Reached XP level 2. HP: 17/19 MP: 5/5
  1038 | D:1      | Reached XP level 3. HP: 13/25 MP: 7/7
  1581 | D:2      | Noticed Robin
  1612 | D:3      | Reached skill level 1 in Invocations
  1645 | D:3      | Shot with a stone by a goblin

Illustrated notes

Levels and vault maps discovered:
D:1:      lemuel_arrival_muddy, layout_loops_ring, serial_aquarium,
          aquarium_bridge_square [aquarium_subvault_bridge,
          aquarium_subvault_wall, aquarium_subvault_window,
          aquarium_subvault_bridge], aquarium_window_corner,
          aquarium_window_corridor_1, aquarium_window_fake, aquarium_window_1,
          aquarium_view_2f, aquarium_view_2e
D:2:      layout_basic, hellmonk_ecumenical_altar_zigzags, uniq_robin,
          uniq_jessica
D:3:      layout_basic, nicolae_qazlal_general_emergency, lemuel_doored_altar,
          fountainhead, uniq_grinder, uniq_sigmund, uniq_terence

Skill      XL: |  1  2  3 |
---------------+----------+-----
Invocations    | 1 |  1.0
Fighting       | |  0.8
Short Blades   | |  0.8
Long Blades    | |  2.6
Axes           | |  0.8
Maces & Flails | |  0.8
Polearms       | |  0.8
Staves         | |  0.8
Slings         | |  0.8
Bows           | |  0.8
Crossbows      | |  0.8
Throwing       | |  0.8
Armour         | |  0.8
Dodging        | |  0.8
Stealth        | |  4.1
Shields        | |  2.6
Unarmed Combat | |  0.8
Spellcasting   | |  2.8
Conjurations   | |  0.5
Hexes          | |  0.5
Summonings     | |  0.5
Necromancy     | |  0.5
Translocations | |  3.7
Transmutations | |  0.5
Fire Magic     | |  3.7
Ice Magic      | |  0.5
Air Magic      | |  0.5
Earth Magic    | |  0.5
Poison Magic   | |  0.5
Evocations     | |  2.6

Action                   || total
-------------------------++-------
Melee: Falchion          ||    79
       Bite              ||     3
  Use: Scroll            ||     2
       Potion            ||     1
 Stab: Sleeping          ||     3
Armor: Robe              ||    26
Dodge: Dodged            ||    51

Table legend: (Time is in decaauts)
 A = Elapsed time spent in this place.
 B = Non-inter-level travel time spent in this place.
 C = Inter-level travel time spent in this place.
 D = Time resting spent in this place.
 E = Time spent auto-exploring this place.
 F = Levels seen in this place.
 G = Mean time per level.
                   A        B        C        D        E       F      G
               +--------+--------+--------+--------+--------+-----+--------+
         Total |   1658 |   1640 |     18 |    399 |    991 |   3 |  552.7 |
       Dungeon |   1658 |   1640 |     18 |    399 |    991 |   3 |  552.7 |
               +--------+--------+--------+--------+--------+-----+--------+

Top non-repeatable levels by time:
     D:1: 1516 daAuts
     D:2: 102 daAuts
     D:3: 39 daAuts
